 Dungeon Crawl Stone Soup version 0.28.0-53-g5a82cb258f (webtiles) character file.

Game seed: 6116394220911551756

354 Stomo the Chiller (level 6, -3/30 HPs)
             Began as a Vine Stalker Ice Elementalist on July 9, 2022.
             Slain by Duvessa
             ... wielding a +0 rapier
              (5 damage)
             ... on level 4 of the Dungeon.
             The game lasted 00:10:40 (4540 turns).

Stomo the Chiller (Vine Stalker Ice Elementalist)   Turns: 4540, Time: 00:10:40

Health: -3/30      AC: 12    Str: 12    XL:     6   Next: 62%
Magic:  0/12       EV: 13    Int: 15    God:
Gold:   97         SH:  0    Dex: 15    Spells: 5/12 levels left

rFire   . . .      SeeInvis .   w - +1 mace (protect)
rCold   . . .      Faith    .   (no shield)
rNeg    + . .      Spirit   +   a - +1 robe
rPois   .          Reflect  .   (no helmet)
rElec   .          Harm     .   (no cloak)
rCorr   .          Rampage  .   (no gloves)
Will    .....                   c - +1 pair of boots
Stlth   ++........              (no amulet)
HPRegen 0.90/turn               k - ring of positive energy
MPRegen 0.13/turn               (no ring)

@: under a protective aura, freezing walls
A: fangs 2, regeneration 1, magic shield, antimagic bite, no potion heal 2
a: no special abilities


You were on level 4 of the Dungeon.
You visited 1 branch of the dungeon, and saw 4 of its levels.

You collected 97 gold pieces.

Inventory:

Hand Weapons
 f - a +0 dagger
 n - a +0 club
 o - a +0 whip
 v - a +0 flail
 w - a +1 mace of protection (weapon)
Armour
 a - a +1 robe (worn)
 c - a +1 pair of boots (worn)
Jewellery
 k - a ring of positive energy (left hand)
Wands
 r - a wand of iceblast (3)
Scrolls
 b - a scroll of identify
Potions
 e - 3 potions of curing
 h - a potion of attraction {unknown}
 m - 3 potions of haste {unknown}
 s - a potion of brilliance {unknown}
 t - a potion of might {unknown}


   Skills:
 + Level 2.1 Fighting
 * Level 2.2 Maces & Flails
 + Level 2.9 Dodging
 - Level 2.4 Stealth
 + Level 3.6 Spellcasting
 + Level 5.0 Ice Magic


You had 5 spell levels left.
You knew the following spells:

 Your Spells              Type           Power      Damage    Failure   Level
a - Freeze                Ice            68%        1d8       2%          1
b - Frozen Ramparts       Ice            34%        1d5       7%          3
c - Ozocubu's Armour      Ice            17%        N/A       7%          3

Your spell library contained the following spells:

 Spells                   Type           Power      Damage    Failure   Level
 Summon Small Mammal      Summ           8%         N/A       19%         1
 Static Discharge         Conj/Air       2%         N/A       28%         2
 Call Canine Familiar     Summ           2%         N/A       50%         3
 Summon Guardian Golem    Hex/Summ       2%         N/A       50%         3
 Tukima's Dance           Hex            2%         N/A       50%         3
 Hailstorm                Conj/Ice       10%        3d5       54%         4
 Dispel Undead            Necr           2%         3d7       88%         4
 Passage of Golubria      Tloc           2%         N/A       88%         4
 Sticky Flame             Conj/Fire      2%         2d3       88%         4
 Yara's Violent Unravell  Hex/Tmut       1%         3d3       99%         5


Dungeon Overview and Level Annotations

Branches:
Dungeon (4/15)             Temple (0/1) D:4

Altars:
Makhleb

Shops:
D:3 (

Annotations:
D:4 Duvessa


Innate Abilities, Weirdness & Mutations

You have extremely sharp teeth.
Your natural rate of healing is unusually fast.
When hurt, damage is shared between your health and your magic reserves.
Your bite disrupts and absorbs the magic of your enemies.
Potions cannot restore your health.


Message History

The spell is quite dangerous to miscast (7% risk of failure)!
Continue anyway?
Casting: Frozen Ramparts (quite dangerous; 7% risk of failure)
Press: ? - help, Dir - look around, f - activate The walls around you are covered in ice.
The wall freezes Duvessa.
Duvessa hits you with a +0 rapier!
The adder skeleton completely resists.
The wall freezes the adder skeleton but does no damage.
Unknown command.
Casting: Frozen Ramparts (quite dangerous; 7% risk of failure)
Confirm with . or Enter, or press ? or * to list all spells.
Aiming: Freeze (safe; 2% risk of failure)
Press: ? - help, Shift-Dir - straight line, f - Duvessa
Aim: Duvessa, wielding a +0 rapier and wearing a +0 leather armour (moderately wounded, berserk)
You freeze Duvessa.
Duvessa is moderately wounded.
The wall freezes Duvessa.
Duvessa hits you with a +0 rapier.
The adder skeleton completely resists.
The wall freezes the adder skeleton but does no damage.
The wall freezes Duvessa.
Duvessa misses you.
The wall freezes the iguana!
Casting: Freeze (safe; 2% risk of failure)
Confirm with . or Enter, or press ? or * to list all spells.
Aiming: Freeze (safe; 2% risk of failure)
Press: ? - help, Shift-Dir - straight line, f/p - Duvessa
Aim: Duvessa, wielding a +0 rapier and wearing a +0 leather armour (moderately wounded, berserk)
You freeze Duvessa.
Duvessa is heavily wounded.
The wall freezes Duvessa.
Duvessa hits you with a +0 rapier!
Ouch! That really hurt!
* * * LOW HITPOINT WARNING * * *
The adder skeleton completely resists.
The wall freezes the adder skeleton but does no damage.
You hit Duvessa but do no damage.
Your weapon exudes an aura of protection.
Duvessa is heavily wounded.
The wall freezes Duvessa.
Duvessa hits you with a +0 rapier!
* * * LOW HITPOINT WARNING * * *
The adder skeleton completely resists.
The wall freezes the adder skeleton but does no damage.
The wall freezes Duvessa.
Duvessa hits you with a +0 rapier.
You die...

,,*#[...#......# *******#.#.#....
,,,..>.,.......#*########.#......
,,*,,..##......,,,.........>.....
,*,,,,#..#..#*****.#...####......
,*..#,#.....# *.#...## #......
,,##...#...[######.#....# #......
#............#...#.#....###......
#........###.#.#.#.#......gg.....
#........# #...#@#.#.....g.......
#........####.)#e#...............
#........#....)lZ.......####†####
#........#.###.....[.........#
*........#.###..#........gg#####
*,)......#.#.#.......#####g....##
*********#.#.#..#....# ####...#
#......#....# #...# ###....#..#.#
#...#


You could see Duvessa (berserk), an iguana and an adder skeleton.

Vanquished Creatures
  Blork the orc (D:4)
  Dowan (D:4)
  A hound (D:3)
  4 gnolls
  6 adders
  A shadow imp (D:3)
  An adder skeleton (D:4)
  A worm (D:2)
  6 dart slugs
  An orc (D:4)
  10 ball pythons
  9 bats
  10 endoplasms
  4 giant cockroaches
  7 goblins
  8 hobgoblins
  4 jackals (D:2)
  6 quokkas
  3 frilled lizards
  7 kobolds
  4 rats
95 creatures vanquished.

Vanquished Creatures (others)
  A hobgoblin (D:3)
1 creature vanquished.

Grand Total: 96 creatures vanquished

Notes
Turn   | Place    | Note
-------+----------+-------------------------------------------
     0 | D:1      | Stomo the Vine Stalker Ice Elementalist began the quest for
                  | the Orb.
     0 | D:1      | Reached XP level 1. HP: 9/9 MP: 4/4
   326 | D:1      | Reached XP level 2. HP: 13/13 MP: 0/6
   992 | D:1      | Reached XP level 3. HP: 17/17 MP: 7/7
  1278 | D:1      | Learned a level 3 spell: Frozen Ramparts
  1544 | D:2      | Found a faded altar of an unknown god.
  1830 | D:2      | Reached skill level 1 in Fighting
  1830 | D:2      | Gained mutation: Your natural rate of healing is unusually
                  | fast. [Vine Stalker growth]
  1830 | D:2      | Reached XP level 4. HP: 16/22 MP: 5/9
  2406 | D:2      | Found a burning altar of Makhleb.
  3027 | D:3      | Found Erouvaog's Weapon Boutique.
  3220 | D:3      | Reached XP level 5. HP: 25/25 MP: 5/10
  3331 | D:3      | Learned a level 3 spell: Ozocubu's Armour
  3875 | D:4      | Noticed Blork the orc
  3880 | D:4      | Killed Blork the orc
  3881 | D:4      | Reached skill level 1 in Maces & Flails
  4010 | D:4      | Reached XP level 6. HP: 30/30 MP: 8/12
  4280 | D:4      | Found a staircase to the Ecumenical Temple.
  4282 | D:4      | Noticed Duvessa
  4285 | D:4      | Noticed Dowan
  4533 | D:4      | Killed Dowan
  4534 | D:4      | Reached skill level 5 in Ice Magic
  4540 | D:4      | Slain by Duvessa

Illustrated notes

Levels and vault maps discovered:
D:1:      minmay_arrival_four_loops, layout_loops_ring
D:2:      layout_loops_ring, basic_altar, shapermc_ecumenical_altar_flowoftime,
          minmay_heptomino_l4
D:3:      layout_loops_cross, serial_shops, nicolae_diamond_shop
D:4:      layout_basic, minmay_temple_entry_mini_moons, uniq_duvessa,
          uniq_blork_the_orc

Skill      XL: |  1  2  3  4  5  6 |
---------------+-------------------+-----
Dodging        | 2 |  2.9
Fighting       | 1 2 |  2.1
Spellcasting   | 3 |  3.6
Maces & Flails | 1 2 |  2.2
Ice Magic      | 5 |  5.0
Stealth        | |  2.4

Action                   |  1- 3 |  4- 6 || total
-------------------------+-------+-------++-------
Melee: Unarmed           |    46 |    29 ||    75
       Bite              |    18 |    29 ||    47
       Punch             |     3 |     1 ||     4
       Whip              |       |    52 ||    52
       Dagger            |       |     3 ||     3
       Mace              |       |    15 ||    15
 Cast: Freeze            |    25 |    14 ||    39
       Frozen Ramparts   |    10 |    35 ||    45
       Ozocubu's Armour  |       |     3 ||     3
  Use: Scroll            |       |    10 ||    10
 Stab: Sleeping          |     1 |     2 ||     3
       Distracted        |       |     1 ||     1
Armor: Robe              |    11 |    41 ||    52
Dodge: Dodged            |    37 |   123 ||   160
